 Dungeon Crawl Stone Soup version 0.26-a0-672-g1df16c3386 (webtiles) character file.

Game seed: 4530583710041492263

1 robertstho the Chiller (level 1, 0/13 HPs)
             Began as a Gnoll Ice Elementalist on Oct 19, 2020.
             Slain by a bat zombie (1 damage)
             ... on level 1 of the Dungeon.
             The game lasted 00:00:36 (56 turns).

robertstho the Chiller (Gnoll Ice Elementalist)       Turns: 56, Time: 00:00:37

Health: 0/13       AC:  2    Str: 10    XL:     1   Next: 20%
Magic:  6/6        EV: 14    Int: 17    God:
Gold:   13         SH:  0    Dex: 15    Spells: 8/9 levels left

rFire    . . .     SeeInvis .   b - +0 dagger
rCold    . . .     Faith    .   (no shield)
rNeg     . . .     Spirit   .   a - +0 robe
rPois    .         Reflect  .   (no helmet)
rElec    .         Harm     .   (no cloak)
rCorr    .         Rampage  .   (no gloves)
MR       .....                  (no boots)
Stlth    +++.......             (no amulet)
HPRegen  0.04/turn              (no ring)
MPRegen  0.10/turn              (no ring)

@: no status effects
A: distributed training, fangs 1, strong nose
a: no special abilities


You were on level 1 of the Dungeon.
You visited 1 branch of the dungeon, and saw 1 of its levels.

You collected 13 gold pieces.

Inventory:

Hand Weapons
 b - a +0 dagger (weapon)
Armour
 a - a +0 robe (worn)


   Skills:
 + Level 0.0 Fighting
 + Level 0.0 Short Blades
 + Level 0.0 Long Blades
 + Level 0.0 Axes
 + Level 0.0 Maces & Flails
 + Level 0.0 Polearms
 + Level 0.0 Staves
 + Level 0.0 Slings
 + Level 0.0 Bows
 + Level 0.0 Crossbows
 + Level 0.0 Throwing
 + Level 0.0 Armour
 + Level 4.4 Dodging
 + Level 4.0 Stealth
 + Level 0.0 Shields
 + Level 0.0 Unarmed Combat
 + Level 4.8 Spellcasting
 + Level 0.0 Conjurations
 + Level 0.0 Hexes
 + Level 0.0 Summonings
 + Level 0.0 Necromancy
 + Level 0.0 Translocations
 + Level 0.0 Transmutations
 + Level 0.0 Fire Magic
 + Level 7.0 Ice Magic
 + Level 0.0 Air Magic
 + Level 0.0 Earth Magic
 + Level 0.0 Poison Magic
 + Level 0.0 Invocations
 + Level 0.0 Evocations


You had 8 spell levels left.
You knew the following spells:

 Your Spells              Type           Power        Failure   Level
a - Freeze                Ice            ####         1%          1

Your spell library contained the following spells:

 Spells                   Type           Power        Failure   Level
 Frozen Ramparts          Ice            ####..       2%          3
 Ozocubu's Armour         Ice            ####....     2%          3
 Hailstorm                Conj/Ice       ###.....     34%         4
 Summon Ice Beast         Ice/Summ       ###.....     34%         4


Dungeon Overview and Level Annotations

Branches:
Dungeon (1/15)

Altars:


Innate Abilities, Weirdness & Mutations

Your experience applies equally to all skills.
You have very sharp teeth.
Your uncanny sense of smell can sniff out nearby items.


Message History

The bat zombie completely misses you.
You see here a dagger.
b - a +0 dagger (weapon)
The bat zombie barely misses you. The bat zombie closely misses you.
You hit the bat zombie but do no damage.
The bat zombie is lightly damaged.
The bat zombie closely misses you.
The bat zombie hits you but does no damage.
The bat zombie closely misses you.
You hit the bat zombie.
The bat zombie is heavily damaged.
The bat zombie hits you.
* * * LOW HITPOINT WARNING * * *
The bat zombie misses you.
You aren't carrying any potions.
Unknown command.
The bat zombie hits you but does no damage.
The bat zombie misses you. x2
The bat zombie barely misses you. The bat zombie hits you.
You die...

.# ##.. #.#
.##+#......... ..#
.......#.?...# #.#
.......#..... #.#
.......##...# #.#
.......+ ..B##(#.#
.......###g....#.#
....(...##..####@#
............##ZZ.#
........###.##.###
#.###.#.##..g.g#
#.# #.#b##...###
#.# #.#.##.#.. #.#
#.#.##.#g.# #.#
#.#......># ∆
#.###.#####


You could see 2 bat zombies and 2 hobgoblins.

Vanquished Creatures
  A giant cockroach (D:1)
1 creature vanquished.

Notes
Turn   | Place    | Note
-------+----------+-------------------------------------------
     0 | D:1      | robertstho the Gnoll Ice Elementalist began the quest for
                  | the Orb.
     0 | D:1      | Reached XP level 1. HP: 13/13 MP: 6/6
    56 | D:1      | Slain by a bat zombie

Illustrated notes

Levels and vault maps discovered:
D:1:      saegor_arrival_fortress, layout_basic, minmay_misc_feat_rows

Action                   || total
-------------------------++-------
Melee: Dagger            ||     2
       Unarmed           ||     2
 Cast: Freeze            ||     3
Armor: Robe              ||    29
Dodge: Dodged            ||    83

Table legend: (Time is in decaauts)
 A = Elapsed time spent in this place.
 B = Non-inter-level travel time spent in this place.
 C = Inter-level travel time spent in this place.
 D = Time resting spent in this place.
 E = Time spent auto-exploring this place.
 F = Levels seen in this place.
 G = Mean time per level.
                   A        B        C        D        E       F      G
               +--------+--------+--------+--------+--------+-----+--------+
         Total |     55 |     55 |      0 |      0 |     11 |   1 |   55.0 |
       Dungeon |     55 |     55 |      0 |      0 |     11 |   1 |   55.0 |
               +--------+--------+--------+--------+--------+-----+--------+

Top non-repeatable levels by time:
     D:1: 55 daAuts
